 Dungeon Crawl Stone Soup version 0.30.1-4-g462c640d31 (webtiles) character file.

Game seed: 12935441003571743227

1337 rvierbuc the Conjurer (level 8, -3/88 HPs)
             Began as a Demigod Conjurer on Aug 20, 2023.
             Succumbed to a kobold brigand's poison
             ... on level 5 of the Dungeon.
             The game lasted 00:20:37 (6027 turns).

rvierbuc the Conjurer (Demigod Conjurer)            Turns: 6027, Time: 00:20:38

Health: -3/88      AC:  4    Str:  8    XL:     8   Next: 13%
Magic:  10/19      EV: 12    Int: 28    God:
Gold:   322        SH:  0    Dex: 12    Spells: 10/17 levels left

rFire   . . .        G - +2 halberd (freeze)
rCold   . . .        (shield currently unavailable)
rNeg    . . .        a - +0 robe
rPois   .            x - +0 helmet
rElec   .            (no cloak)
rCorr   .            (no gloves)
SInv    .            w - +0 pair of boots
Will    .....        (no amulet) Stlth
                     (no ring)
HPRegen 0.34/turn    (no ring)
MPRegen 0.16/turn

%: no passive effects
@: mighty, berserking, lethally poisoned (-3 -> -35), very quick
A: high MP 1, forlorn, divine attributes, frail 1, passive freeze, noise
suppression
a: no special abilities


You were on level 5 of the Dungeon.
You visited 1 branch of the dungeon, and saw 5 of its levels.

You collected 322 gold pieces.

Inventory:

Hand Weapons
 i - a +0 short sword of flaming
 k - a +2 dagger of draining
 o - a +2 short sword of draining
 r - a +0 falchion
 z - a +2 war axe of flaming
 G - a +2 halberd of freezing (weapon)
Missiles
 m - 3 silver javelins
 q - 30 stones
 A - 14 poisoned darts
 H - 3 atropa-tipped darts
 I - 2 throwing nets
Armour
 a - a +0 robe (worn)
 w - a +0 pair of boots (worn)
 x - a +0 helmet (worn)
Jewellery
 y - an amulet of regeneration
 D - a +5 ring of evasion
Wands
 v - a wand of mindburst (24)
Scrolls
 c - a scroll of vulnerability {unknown}
 d - a scroll of fog {unknown}
 f - 3 scrolls of teleportation {unknown}
 g - 2 scrolls of enchant weapon {unknown}
 l - 7 scrolls of identify {unknown}
 n - 3 scrolls of enchant armour {unknown}
 s - 2 scrolls of noise {unknown}
 u - a scroll of immolation {unknown}
 B - a scroll of acquirement {unknown}
 C - a scroll of torment {unknown}
 E - a scroll of poison {unknown}
 F - 2 scrolls of amnesia {unknown}
Potions
 b - a potion of ambrosia {unknown}
 e - a potion of curing {unknown}
 h - a potion of attraction {unknown}
 j - a potion of mutation
 t - 2 potions of might


   Skills:
 * Level 3.9 Fighting
 + Level 0.5 Long Blades
 + Level 2.9 Dodging
 + Level 3.4 Stealth
 + Level 5.0 Spellcasting
 + Level 6.3 Conjurations


You had 10 spell levels left.
You knew the following spells:

 Your Spells              Type           Power      Damage    Failure   Level
a - Magic Dart            Conj           100%       1d8       1%          1
b - Searing Ray           Conj           84%        2d7       1%          2
c - Fulminant Prism       Conj/Hex       12%        3d9       19%         4

Your spell library contained the following spells:

 Spells                   Type           Power      Damage    Failure   Level
 Dazzling Flash           Conj/Hex       48%        N/A       5%          3
 Iskenderun's Mystic Bla  Conj/Tloc      24%        2d7       19%         4


Dungeon Overview and Level Annotations

Branches:
Dungeon (5/15)
 Temple: D:4-7

Shops:
D:1 [   D:2 [


Innate Abilities, Weirdness & Mutations

You have an increased reservoir of magic. (+10% MP)
You shall have no god before yourself.
Your divine heritage dramatically boosts your attributes as you level up.
You are frail. (-10% HP)
A frigid envelope surrounds you and freezes all who hurt you.
You passively dampen the noise of your surroundings.


Message History

The searing ray hits the kobold brigand!
The kobold brigand is moderately wounded. (Press . to maintain the ray.)
The searing ray hits the kobold brigand.
The kobold brigand is moderately wounded.
The searing ray hits the kobold brigand.
The kobold brigand is heavily wounded.
The kobold brigand hits you with a +1 dagger of venom.
You are poisoned.
The kobold brigand hits you with a +1 dagger of venom.
You are lethally poisoned!
The searing ray hits the kobold brigand.
The kobold brigand is heavily wounded.
You finish channelling your searing ray.
You feel yourself speed up.
* * * LOW HITPOINT WARNING * * *
You feel extremely sick.
The kobold brigand completely misses you.
It was a potion of mutation.
You feel extremely strange.
You feel frail.
Your skin feels very cold.
You feel your surroundings grow quieter.
* * * LOW HITPOINT WARNING * * *
You feel very sick.
The kobold brigand hits you but does no damage.
You are more poisoned.
The kobold brigand is very cold.
The kobold brigand is severely wounded.
It was a potion of might.
You feel very mighty all of a sudden.
* * * LOW HITPOINT WARNING * * *
You feel very sick.
The kobold brigand hits you with a +1 dagger of venom.
* * * LOW HITPOINT WARNING * * *
You are more poisoned.
The kobold brigand is very cold.
The kobold brigand is almost dead.
It was a potion of berserk rage.
A red film seems to cover your vision as you go berserk!
You feel yourself moving faster!
You feel mighty!
You die...

#...#.# #....##
#.....###....^.
####.>............
#..)..##########..
#..##.# #..
#..#### #.. #..###
### #.)#~## #
##@.#~~# #
#.K##~~## #
#..#≈~~~# #
#))#≈≈~~# #
#..#≈~~~# #
#..##~~## #
##..#~~# # #..##~#
# #..#~###### #


You could see a kobold brigand.

Vanquished Creatures
  Grinder (D:3)
  A black bear (D:4)
  A kobold brigand (D:5)
  A bullfrog (D:4)
  2 scorpions
  A howler monkey (D:5)
  2 hounds (D:4)
  3 orc priests (D:4)
  2 gnoll boudas (D:5)
  2 sleepcaps
  6 iguanas
  2 orc wizards (D:4)
  9 gnolls
  7 adders
  A white imp (D:5)
  An ufetubus (D:4)
  2 dart slugs
  10 orcs
  8 bats
  8 endoplasms
  7 giant cockroaches
  9 hobgoblins
  12 jackals
  2 quokkas
  9 ball pythons
  6 frilled lizards
  10 goblins
  19 kobolds
  6 rats
150 creatures vanquished.

Notes
Turn   | Place    | Note
-------+----------+-------------------------------------------
     0 | D:1      | rvierbuc the Demigod Conjurer began the quest for the Orb.
     0 | D:1      | Reached XP level 1. HP: 14/14 MP: 5/5
   359 | D:1      | Reached skill level 4 in Conjurations
   381 | D:1      | Found Aprane's Antique Armour Shoppe.
   438 | D:1      | Reached XP level 2. HP: 20/20 MP: 1/7
  1016 | D:1      | Reached XP level 3. HP: 26/26 MP: 4/8
  2103 | D:2      | Found Miycw's Antique Armour Shoppe.
  2490 | D:3      | Learned a level 2 spell: Searing Ray
  2581 | D:3      | Reached XP level 4. HP: 34/34 MP: 6/10
  2590 | D:3      | Learned a level 4 spell: Fulminant Prism
  3031 | D:3      | Noticed Grinder
  3049 | D:3      | Killed Grinder
  3050 | D:3      | Reached skill level 1 in Fighting
  3050 | D:3      | Reached skill level 5 in Conjurations
  3050 | D:3      | Reached XP level 5. HP: 41/41 MP: 6/12
  3245 | D:4      | Reached XP level 6. HP: 48/48 MP: 8/13
  4323 | D:4      | Reached XP level 7. HP: 54/56 MP: 10/16
  5018 | D:5      | Entered Level 5 of the Dungeon
  5305 | D:5      | Reached skill level 6 in Conjurations
  5872 | D:5      | Reached XP level 8. HP: 66/66 MP: 13/18
  6006 | D:5      | Reached skill level 5 in Spellcasting
  6025 | D:5      | Gained mutation: You are frail. (-10% HP) [potion of
                  | mutation]
  6025 | D:5      | Gained mutation: A frigid envelope surrounds you and
                  | freezes all who hurt you. [potion of mutation]
  6025 | D:5      | Gained mutation: You passively dampen the noise of your
                  | surroundings. [potion of mutation]
  6027 | D:5      | Succumbed to a kobold brigand's poison

Illustrated notes

Levels and vault maps discovered:
D:1:      dpeg_arrival_morbid_curiosity, layout_basic, serial_shops,
          nicolae_shop_behind_doors, shapermc_ecumenical_altar_flowoftime,
          minmay_misc_feat_room, st_stairs_8, minmay_misc_feat_enclosed,
          minmay_misc_feat_square
D:2:      layout_rooms, serial_shops, nicolae_shop_tiny_real_fake_doors,
          minmay_hedge_maze
D:3:      layout_basic, hangedman_abyss_or_decor_lesser_grid, uniq_grinder
D:4:      minmay_opposing_rooms, layout_basic, fedhas_altar_3, zin_treasury,
          saegor_snake_ambush
D:5:      cheibrodos_thug_alley, layout_basic, minmay_checkerbox

Skill      XL: |  1  2  3  4  5  6  7  8 |
---------------+-------------------------+-----
Conjurations   | 4 5 6 |  6.3
Dodging        | 2 |  2.9
Spellcasting   | 2 3 4 5 |  5.0
Stealth        | 2 3 |  3.4
Fighting       | 1 2 3 |  3.9
Long Blades    | |  0.5

Action                     |  1- 3 |  4- 6 |  7- 9 || total
---------------------------+-------+-------+-------++-------
  Melee: Short sword       |    11 |       |       ||    11
         Falchion          |       |    13 |       ||    13
         Halberd           |       |       |     2 ||     2
   Cast: Magic Dart        |   107 |    75 |    52 ||   234
         Searing Ray       |       |    11 |    23 ||    34
    Use: Potion            |       |     3 |     3 ||     6
 Armour: Robe              |     4 |    12 |     4 ||    20
  Dodge: Dodged            |    14 |    32 |    11 ||    57
